 Dungeon Sprint DCSS version 0.29.1-15-g9cfb28693d (webtiles) character file.

Game seed: 18021350094862865888

54 Iago the Ruffian (level 3, -6/39 HPs)
             Began as a Troll Berserker on Feb 24, 2023.
             Was a Priest of Trog.
             Mangled by a komodo dragon (13 damage)
             ... in the Dungeon (Sprint IX: "|||||||||||||||||||||||||||||").
             The game lasted 00:01:24 (118 turns).

Iago the Ruffian (Troll Berserker)                   Turns: 118, Time: 00:01:24

Health: -6/39      AC:  4    Str: 27    XL:     3   Next: 66%
Magic:  2/2        EV: 14    Int:  3    God:    Trog [***...]
Gold:   0          SH:  0    Dex:  9    Spells: 2/2 levels left

rFire   . . .      SeeInvis .     - Unarmed
rCold   . . .      Faith    .   (no shield)
rNeg    . . .      Spirit   .   a - +0 animal skin
rPois   .          Reflect  .   (helmet restricted)
rElec   .          Harm     .   (no cloak)
rCorr   .          Rampage  .   (gloves unavailable)
Will    ++...      NoTele   +   (boots unavailable)
Stlth   +.........              (no amulet)
HPRegen 1.93/turn               k - +2 ring of evasion
MPRegen 0.08/turn               j - +2 ring of evasion

@: strong-willed, regenerating
A: large, unfitting armour, claws 3, regeneration 1, shaggy fur 1, tough skin 1
a: Renounce Religion, Berserk, Trog's Hand


You were in the Dungeon.
You worshipped Trog.
Trog was most pleased with you.
You visited 1 branch

Inventory:

Armour
 a - a +0 animal skin (worn)
Jewellery
 j - a +2 ring of evasion (right claw)
 k - a +2 ring of evasion (left claw)
Wands
 i - a wand of light (10)
Scrolls
 g - 2 scrolls of blinking
Potions
 b - 5 potions of curing
 c - 3 potions of heal wounds
 d - a potion of haste
 e - 4 potions of magic
 f - a potion of berserk rage
 h - a potion of invisibility


   Skills:
 * Level 4.2 Fighting
 * Level 4.0 Dodging
 * Level 5.4 Unarmed Combat


You had 2 spell levels left.
You didn't know any spells.
Your spell library was empty.

Dungeon Overview and Level Annotations

Branches:
Dungeon (1/1)

Altars:
Cheibriados
Dithmenos
Elyvilon
Fedhas
Gozag
Hepliaklqana
Kikubaaqudgha
Makhleb
Nemelex Xobeh
Okawaru
Qazlal
Ru
Sif Muna
Trog
Uskayaw
Vehumet
Wu Jian
Xom
Yredelemnul
Zin
The Shining One
Jiyva
Lugonu


Innate Abilities, Weirdness & Mutations

You are too large for most types of armour.
You have claws for hands.
Your natural rate of healing is unusually fast.
You are covered in fur. (AC +1)
You have tough skin. (AC +1)


Message History

Items here: )))))).
Okay, then.
You see here a +0 helmet.
You see here a +0 pair of gloves.
You see here a +1 chain mail.
j - a +2 ring of evasion
k - a +2 ring of evasion
k - a +2 ring of evasion (left claw)
j - a +2 ring of evasion (right claw)
You open the door.
A komodo dragon, 2 wyverns, 2 centaurs and a wraith come into view.
The komodo dragon hisses angrily.
The wyvern hisses angrily.
The centaur shouts! x2
You scratch the komodo dragon.
The komodo dragon is lightly wounded.
The komodo dragon bites you!
You completely miss the komodo dragon.
The komodo dragon is lightly wounded.
The wyvern hisses menacingly.
The komodo dragon bites you.
You scratch the komodo dragon but do no damage.
The komodo dragon is lightly wounded.
The komodo dragon closely misses you.
You scratch the komodo dragon but do no damage.
The komodo dragon is lightly wounded.
The komodo dragon closely misses you.
You closely miss the komodo dragon.
The komodo dragon is lightly wounded.
The komodo dragon bites you!
You closely miss the komodo dragon.
The komodo dragon is lightly wounded.
The komodo dragon bites you!
* * * LOW HITPOINT WARNING * * *
You claw the komodo dragon!
The komodo dragon is severely wounded.
The komodo dragon barely misses you.
Your skin crawls.
You feel strong-willed. The komodo dragon bites you!
You die... ▓▓▓▓▓▓▓▓▓▓▓▓▓▓▓▓▓▓▓▓▓▓▓▓ _______'.?).[[[.@lcllcW. ▓▓▓▓▓▓▓▓▓▓▓▓▓▓▓▓▓▓▓▓▓▓▓▓

You could see a komodo dragon, a wraith, 2 wyverns and 2 centaurs.

Vanquished Creatures
  A hound (D)
  An adder (D)
  An ufetubus (D)
  2 orcs (D)
  A ball python (D)
  An endoplasm (D)
  A giant cockroach (D)
  A kobold (D)
  A rat (D)
10 creatures vanquished.

Notes
Turn   | Place    | Note
-------+----------+-------------------------------------------
     0 | D        | Iago the Troll Berserker began the quest for the Orb.
     0 | D        | Reached XP level 1. HP: 22/22 MP: 0/0
     9 | D        | Reached ** piety under Trog
    18 | D        | Noticed a hound
    24 | D        | Reached skill level 4 in Unarmed Combat
    24 | D        | Reached XP level 2. HP: 23/31 MP: 1/1
    24 | D        | Reached *** piety under Trog
    30 | D        | Reached skill level 5 in Unarmed Combat
    30 | D        | Reached XP level 3. HP: 19/39 MP: 2/2
    66 | D        | Found a snail-covered altar of Cheibriados.
    66 | D        | Found a shadowy altar of Dithmenos.
    66 | D        | Found a white marble altar of Elyvilon.
    66 | D        | Found a blossoming altar of Fedhas.
    66 | D        | Found an opulent altar of Gozag.
    67 | D        | Found a hazy altar of Hepliaklqana.
    68 | D        | Found a viscous altar of Jiyva.
    69 | D        | Found an ancient bone altar of Kikubaaqudgha.
    70 | D        | Found a corrupted altar of Lugonu.
    71 | D        | Found a burning altar of Makhleb.
    72 | D        | Found a sparkling altar of Nemelex Xobeh.
    73 | D        | Found an iron altar of Okawaru.
    74 | D        | Found a stormy altar of Qazlal.
    75 | D        | Found a sacrificial altar of Ru.
    76 | D        | Found a shimmering blue altar of Sif Muna.
    77 | D        | Found a bloodstained altar of Trog.
    78 | D        | Found a hide-covered altar of Uskayaw.
    79 | D        | Found a radiant altar of Vehumet.
    80 | D        | Found an ornate altar of the Wu Jian Council.
    81 | D        | Found a shimmering altar of Xom.
    82 | D        | Found a basalt altar of Yredelemnul.
    83 | D        | Found a glowing silver altar of Zin.
    84 | D        | Found a glowing golden altar of the Shining One.
   110 | D        | Noticed a komodo dragon
   110 | D        | Noticed a centaur
   110 | D        | Noticed a wyvern
   110 | D        | Noticed a wyvern
   110 | D        | Noticed a centaur
   110 | D        | Noticed a wraith
   118 | D        | Mangled by a komodo dragon

Illustrated notes

Levels and vault maps discovered:
D:        linesprint [early_d, line_temple, items_1, d_10, items_2, lair_1,
          lair_end, items_3, orc_1, orc_end, items_4, d_15, swamp_1, shoals_1,
          snake_1, spider_1, d_20, vaults_1, items_5, swamp_end, shoals_end,
          snake_end, spider_end, vaults_end, d_27, items_6, zot_1, zot_end,
          crypt_end, forest_end, elf_end, slime_end, tomb_end, abyss_end,
          pan_hell_end]

Skill      XL: |  1  2  3 |
---------------+----------+-----
Fighting       | 3 4 |  4.2
Dodging        | 3 4 |  4.0
Unarmed Combat | 4 5 |  5.4

Action                   || total
-------------------------++-------
Melee: Unarmed           ||    30
Invok: Trog's Hand       ||     1
Armor: Animal skin       ||     9
Dodge: Dodged            ||    17
